[Event "Titled Tuesday Blitz October 31 Early 2023"]
[White "Der_Balak_3Halak"]
[Black "Ozates, Tuna"]
[BlackFideId "6354521"]
[WhiteElo "2323"]
[BlackElo "2673"]
[Result "0-1"]
[Round "1"]
[TimeControl "180+1"]
[Date "2023.10.31"]
[WhiteClock "0:00:03"]
[BlackClock "0:00:08"]
[Board "116"]

1. e4 c5 2. c3 g6 3. d4 cxd4 4. cxd4 d5 5. e5 Nc6 6. Be3 Nh6 7. Nc3 Nf5 8. Nf3 Nxe3 9. fxe3 Bh6 10. Qd2 Bg4 11. Be2 O-O 12. O-O e6 13. h3 Bxf3 14. Rxf3 Rc8 15. Nb5 Rc7 16. Nxc7 Qxc7 17. Raf1 Qb6 18. Qc3 Ne7 19. g4 Bg5 20. Qb3 Qc7 21. Qc3 Qb6 22. b3 Nc6 23. Qe1 Nb4 24. Qf2 Qc7 25. a3 Nc6 26. h4 Bd8 27. h5 Qe7 28. hxg6 hxg6 29. Kg2 Qe8 30. Bb5 Bg5 31. Rh1 Kg7 32. Kf1 Qe7 33. Rfh3 Rg8 34. Rh7+ Kf8 35. Kg2 Nd8 36. Rf1 Rg7 37. Rh8+ Rg8 38. Rfh1 Rxh8 39. Rxh8+ Kg7 40. Re8 Qc7 41. Qf1 a6 42. Be2 Qd7 43. Rxd8 Qxd8 44. Qc1 Qa5 45. b4 Qa4 46. Kf3 Qb3 47. Bf1 Qa2 48. Be2 Bh4 49. Qc3 Qb1 50. Kg2 Be1 51. Qd3 Qc1 52. Qd1 Qc3 53. Qd3 Qa1 54. Qd1 Qc3 55. Qd3 Qc6 56. Qd1 Bh4 57. Qh1 Bg5 58. Qh3 Qc3 59. e4 Qxd4 60. exd5 Qxd5+ 61. Qf3 Qxe5 62. Bd3 b5 63. Be2 Be7 64. Bf1 Bd6 65. Kf2 Qh2+ 66. Bg2 Qh4+ 67. Kf1 Qg5 68. Qc3+ Be5 69. Qc2 Qxg4 70. Qe2 Qf4+ 71. Bf3 Bd4 72. Kg2 e5 73. Bg4 f5 74. Qf2 Qxf2+ 75. Kh1 Qg1# 0-1


[Site "https://www.chess.com"]

[Event "Titled Tuesday Blitz October 31 Early 2023"]
[White "Yen, William"]
[Black "Bobomurodova, Maftuna"]
[WhiteFideId "30932025"]
[BlackFideId "14207400"]
[WhiteElo "2665"]
[BlackElo "2320"]
[Result "1-0"]
[Round "1"]
[TimeControl "180+1"]
[Date "2023.10.31"]
[WhiteClock "0:00:09"]
[BlackClock "0:00:04"]
[Board "117"]

1. e4 e5 2. Nc3 Nc6 3. f4 d6 4. Nf3 g6 5. Bc4 Bg7 6. d3 Nge7 7. O-O O-O 8. fxe5 Nxe5 9. Nxe5 dxe5 10. Be3 c6 11. a4 Qe8 12. Qe2 Kh8 13. Rf2 f5 14. exf5 Nxf5 15. Bc5 Ne7 16. Rxf8+ Qxf8 17. Rf1 Qd8 18. Rf7 Nf5 19. g4 Nh6 20. Rxg7 Kxg7 21. Qxe5+ Qf6 22. Bf8+ Kxf8 23. Qxf6+ Ke8 24. Qh8+ 1-0


[Site "https://www.chess.com"]

[Event "Titled Tuesday Blitz October 31 Early 2023"]
[White "Pein, Jonathan"]
[Black "Ismagilov, Damir"]
[WhiteFideId "417092"]
[BlackFideId "34199982"]
[WhiteElo "2320"]
[BlackElo "2664"]
[Result "0-1"]
[Round "1"]
[TimeControl "180+1"]
[Date "2023.10.31"]
[WhiteClock "0:00:00"]
[BlackClock "0:00:14"]
[Board "118"]

1. b3 e5 2. Bb2 d6 3. e3 g6 4. d4 exd4 5. Qxd4 f6 6. h4 Nc6 7. Qd2 Bg7 8. h5 Qe7 9. Nc3 Be6 10. Bb5 a6 11. Bxc6+ bxc6 12. Nf3 f5 13. O-O-O Nh6 14. hxg6 hxg6 15. Kb1 Kd7 16. e4 Ng4 17. Rhe1 Rae8 18. Nd4 Bxd4 19. Qxd4 Qf6 20. Qa4 f4 21. e5 Nxe5 22. Ne4 Qf5 23. Nc5+ Ke7 24. Nxe6 Qxe6 25. Qxf4 Rhf8 26. Qg5+ Qf6 27. Rxe5+ dxe5 28. Ba3+ Kf7 29. Rd7+ Ke6 30. Qg4+ Qf5 31. Qd1 Rf7 32. Rd2 Qh5 33. f3 Qf5 34. Re2 Kf6 35. Bb2 Kg7 36. f4 Qxf4 37. Qe1 Rfe7 38. g3 Qf5 39. Bc3 c5 40. Kb2 c4 41. Qh1 cxb3 42. axb3 a5 43. Qc6 Re6 44. Qxc7+ R8e7 45. Qc4 a4 46. Qxa4 Qf3 47. Qc4 Qxg3 48. Re4 Qf3 49. b4 Ra7 50. Qxe6 Qxe4 51. Bxe5+ Kh7 52. Qh3+ Kg8 53. Qh8+ Kf7 54. Qg7+ Ke6 55. Qxa7 Qxb4+ 56. Kc1 Qe1+ 57. Kb2 Qb4+ 58. Ka2 Kxe5 59. Qe3+ Kf5 60. Qd3+ Kg5 61. c4 Kf6 62. Qd4+ Ke6 63. Qd5+ Kf6 64. c5 g5 65. c6 g4 66. Qb3 Qa5+ 67. Qa3 Qd5+ 68. Qb3 Qxc6 69. Qc3+ Qxc3 70. Kb1 Qe5 0-1


[Site "https://www.chess.com"]

[Event "Titled Tuesday Blitz October 31 Early 2023"]
[White "Janaszak, Dawid"]
[Black "GlacierGambit"]
[WhiteFideId "1119206"]
[WhiteElo "2664"]
[BlackElo "2319"]
[Result "1-0"]
[Round "1"]
[TimeControl "180+1"]
[Date "2023.10.31"]
[WhiteClock "0:00:50"]
[BlackClock "0:00:29"]
[Board "119"]

1. e4 e6 2. d4 d5 3. Bd3 c5 4. exd5 exd5 5. c3 Nc6 6. Nf3 Bd6 7. O-O Nge7 8. dxc5 Bxc5 9. b4 Bb6 10. a4 a6 11. a5 Ba7 12. Nbd2 O-O 13. Qc2 h6 14. h3 Be6 15. Nb3 Rc8 16. Qe2 Bf5 17. Be3 Bxe3 18. Qxe3 Re8 19. Rfe1 Qd7 20. Nc5 Qc7 21. Bxf5 Nxf5 22. Qxe8+ Rxe8 23. Rxe8+ Kh7 24. Rae1 Nd6 25. Rf8 Nb5 26. Ree8 Nxc3 27. Nd3 Ne4 28. g3 Kg6 29. Nf4+ Kf6 30. Nxd5+ 1-0


[Site "https://www.chess.com"]

[Event "Titled Tuesday Blitz October 31 Early 2023"]
[White "Muhammad Shahzeb"]
[Black "Harikrishnan.A.Ra"]
[WhiteFideId "7804806"]
[BlackFideId "5081483"]
[WhiteElo "2319"]
[BlackElo "2663"]
[Result "0-1"]
[Round "1"]
[TimeControl "180+1"]
[Date "2023.10.31"]
[WhiteClock "0:00:00"]
[BlackClock "0:00:39"]
[Board "120"]

1. e4 c6 2. d4 d5 3. exd5 cxd5 4. c4 Nf6 5. Nc3 g6 6. Qb3 Bg7 7. cxd5 O-O 8. Be2 Nbd7 9. Bf3 Rb8 10. Bf4 Ra8 11. a4 a6 12. Nge2 h6 13. O-O g5 14. Bg3 Qb6 15. Qc4 Qxb2 16. Rab1 Qc2 17. Rfc1 Qf5 18. h3 Ne8 19. Be4 Qf6 20. a5 Nd6 21. Qd3 Nxe4 22. Nxe4 Qg6 23. Rc7 Kh8 24. Rbc1 Nf6 25. Rxe7 Bf5 26. f3 Nxd5 27. Re5 Bxe5 28. Bxe5+ f6 29. Bg3 Rae8 30. Qc4 Bxe4 31. fxe4 Qxe4 32. Nc3 Qe3+ 33. Kh2 Qxc1 34. Qxd5 Qxc3 35. Qf5 Qb3 0-1


[Site "https://www.chess.com"]

[Event "Titled Tuesday Blitz October 31 Early 2023"]
[White "Rosen, Eric"]
[Black "Federzoni, Enzo"]
[WhiteFideId "2032562"]
[BlackFideId "2173301"]
[WhiteElo "2660"]
[BlackElo "2318"]
[Result "1-0"]
[Round "1"]
[TimeControl "180+1"]
[Date "2023.10.31"]
[WhiteClock "0:00:04"]
[BlackClock "0:00:24"]
[Board "121"]

1. e4 c5 2. Nc3 e6 3. Nf3 a6 4. g3 d6 5. Bg2 Nc6 6. d4 cxd4 7. Nxd4 Bd7 8. O-O Nf6 9. Re1 Be7 10. a4 O-O 11. h3 Rc8 12. Kh2 Ne5 13. f4 Nc4 14. b3 Na5 15. Bb2 Nc6 16. e5 Ne8 17. Qd2 Nxd4 18. Qxd4 Bc6 19. Rad1 Bxg2 20. Kxg2 d5 21. f5 Qa5 22. Re2 Bb4 23. Rd3 b5 24. f6 g6 25. axb5 axb5 26. Nd1 Kh8 27. Qf4 Bc5 28. Qh6 Rg8 29. Bd4 Bf8 30. Qe3 b4 31. Nf2 Nc7 32. Ng4 Nb5 33. Nh6 Bxh6 34. Qxh6 Na3 35. Rdd2 Rc7 36. Be3 Nb5 37. Bg5 Qa8 38. Rf2 d4+ 39. Kh2 Nc3 40. Rf4 Qe4 41. Rxe4 Nxe4 42. Rxd4 Rxc2+ 43. Kg1 Nxg5 44. Qxg5 Rb2 45. Qh6 Rb1+ 46. Kg2 Rb2+ 47. Kf3 Rxb3+ 48. Kf2 Rb2+ 49. Rd2 Rxd2+ 50. Qxd2 b3 51. Qb4 h6 52. Qxb3 Rc8 53. Qb7 Rf8 54. Qe7 Kg8 55. g4 Rc8 56. Qa3 Rd8 57. Kg3 Rc8 58. Qe3 Kh7 59. Qa7 Kg8 60. Qd7 Rf8 61. h4 Ra8 62. Kf3 Ra3+ 63. Kf2 Ra2+ 64. Ke3 Ra3+ 65. Kf4 Ra8 66. Qc6 Rb8 67. Ke3 Rb3+ 68. Kd2 Rb8 69. Qc7 Ra8 70. Kd3 Ra3+ 71. Kc4 Ra4+ 72. Kb5 Rxg4 73. Qd8+ Kh7 74. Qf8 1-0


[Site "https://www.chess.com"]

[Event "Titled Tuesday Blitz October 31 Early 2023"]
[White "Mesa Cruz, Juan Carlos"]
[Black "Kleiman, Jake"]
[WhiteFideId "6423400"]
[BlackFideId "2020041"]
[WhiteElo "2318"]
[BlackElo "2660"]
[Result "0-1"]
[Round "1"]
[TimeControl "180+1"]
[Date "2023.10.31"]
[WhiteClock "0:00:14"]
[BlackClock "0:01:51"]
[Board "122"]

1. e4 c5 2. Nf3 e6 3. g3 Nc6 4. Bg2 Nf6 5. Qe2 d5 6. d3 Be7 7. O-O O-O 8. e5 Nd7 9. h4 a5 10. a4 b6 11. Re1 Ba6 12. Nbd2 Nb4 13. Nf1 c4 14. dxc4 Bxc4 15. Qd1 Rc8 16. Ne3 Ba6 17. h5 h6 18. c3 Nd3 19. Bf1 Nxe1 20. Bxa6 Nxf3+ 21. Qxf3 Nxe5 22. Qf4 Bd6 23. Bxc8 Qxc8 24. Ng4 Qc7 25. Nxh6+ gxh6 26. Qxh6 f6 27. f4 Ng4 28. Qg6+ Qg7 29. Qd3 Nh6 30. Qe3 Bc5 0-1


[Site "https://www.chess.com"]

[Event "Titled Tuesday Blitz October 31 Early 2023"]
[White "Lee, Jun Hyeok"]
[Black "Mndapoetzz04"]
[WhiteFideId "13202340"]
[WhiteElo "2659"]
[BlackElo "2317"]
[Result "0-1"]
[Round "1"]
[TimeControl "180+1"]
[Date "2023.10.31"]
[WhiteClock "0:00:00"]
[BlackClock "0:00:07"]
[Board "123"]

1. d4 Nf6 2. c4 g6 3. Nc3 d5 4. cxd5 Nxd5 5. e4 Nxc3 6. bxc3 Bg7 7. Bc4 c5 8. Ne2 O-O 9. Be3 cxd4 10. cxd4 Qa5+ 11. Bd2 Qh5 12. O-O Nc6 13. Be3 Rd8 14. Rc1 e6 15. Qd2 Qa5 16. Qxa5 Nxa5 17. Bd3 b6 18. Rc7 Bb7 19. Rfc1 Rac8 20. f3 Bf8 21. Kf2 Bd6 22. Rxc8 Rxc8 23. Rxc8+ Bxc8 24. e5 Be7 25. Nc3 Bd7 26. d5 Bb4 27. Ne4 Kg7 28. d6 Ba4 29. Nf6 Bxd6 30. Nh5+ gxh5 31. exd6 f6 32. f4 Bd7 33. h3 Nb7 34. f5 e5 35. g4 hxg4 36. hxg4 Nxd6 37. Kg3 h5 38. Kh4 hxg4 39. Kxg4 e4 40. Bc2 Bxf5+ 41. Kf4 Be6 42. Bxe4 Bxa2 43. Bc6 Kf7 44. Bd4 Ke7 45. Bc3 Be6 46. Bb4 a5 47. Ba3 Bc4 48. Ba4 b5 49. Bc2 b4 50. Bb2 Nb5 51. Kf5 b3 52. Bxf6+ Kd6 53. Be5+ Kc5 54. Bb1 a4 55. Ke4 a3 56. Ke3 a2 57. Bh7 Bd5 58. Kd2 Kb4 59. Kc1 Na3 0-1


[Site "https://www.chess.com"]

[Event "Titled Tuesday Blitz October 31 Early 2023"]
[White "Bernat, David"]
[Black "Parkhov, Yair"]
[WhiteFideId "2099225"]
[BlackFideId "2813408"]
[WhiteElo "2316"]
[BlackElo "2658"]
[Result "0-1"]
[Round "1"]
[TimeControl "180+1"]
[Date "2023.10.31"]
[WhiteClock "0:00:05"]
[BlackClock "0:00:58"]
[Board "124"]

1. c4 c5 2. Nc3 Nc6 3. g3 g6 4. Bg2 Bg7 5. e4 e6 6. Nge2 Nge7 7. O-O O-O 8. d3 Rb8 9. Be3 d6 10. d4 cxd4 11. Nxd4 Nxd4 12. Bxd4 Bxd4 13. Qxd4 Nc6 14. Qe3 e5 15. Rfd1 Be6 16. b3 a6 17. Rd2 Qc7 18. Rad1 Rfd8 19. h3 b5 20. c5 Nd4 21. cxd6 Rxd6 22. Nd5 Bxd5 23. exd5 f6 24. f4 Nf5 25. Qf3 e4 26. Qxe4 Nxg3 27. Qd3 Nf5 28. Rc2 Qb6+ 29. Kh2 Ne3 30. Rc6 Rxc6 31. dxc6 Nxd1 32. Qxd1 Rd8 33. Qe2 Qc7 34. Qe6+ Kg7 35. Qe4 g5 36. Kg3 Rd3+ 37. Bf3 Rc3 38. Kf2 gxf4 39. Qf5 Qe5 40. Qd7+ Kh6 41. Qg4 Qe3+ 42. Kg2 Rc2+ 43. Kh1 Rc1+ 44. Bd1 Qe1+ 45. Kh2 Qd2+ 46. Be2 f3 47. Qxf3 Qd6+ 48. Kg2 Qxc6 49. Qxc6 Rxc6 50. Kf3 Rc2 51. a4 bxa4 52. bxa4 Rxe2 53. Kxe2 Kg5 54. Kd3 f5 55. Kc4 f4 56. Kd3 Kh4 57. Ke4 Kg3 58. h4 f3 0-1


[Site "https://www.chess.com"]

[Event "Titled Tuesday Blitz October 31 Early 2023"]
[White "Bao, Qilin"]
[Black "Petrova, Irina"]
[WhiteFideId "8605750"]
[BlackFideId "14124122"]
[WhiteElo "2657"]
[BlackElo "2316"]
[Result "1-0"]
[Round "1"]
[TimeControl "180+1"]
[Date "2023.10.31"]
[WhiteClock "0:01:41"]
[BlackClock "0:00:47"]
[Board "125"]

1. d4 d6 2. Nf3 g6 3. Bf4 Bg7 4. e3 Nd7 5. h3 e5 6. Bh2 Ne7 7. Nc3 O-O 8. dxe5 dxe5 9. Bc4 c6 10. O-O b5 11. Bb3 a5 12. a4 b4 13. Ne4 Ba6 14. Re1 Nf5 15. Nd6 Qc7 16. Nxf5 gxf5 17. Nh4 f4 18. exf4 exf4 19. Re7 Rad8 20. Qg4 Kh8 21. Bxf7 Bf6 22. Bxf4 Qb6 23. Rxd7 Rxd7 24. Qxd7 Qd4 25. Qxd4 Bxd4 26. Rd1 c5 27. Rxd4 cxd4 28. Be5# 1-0


[Site "https://www.chess.com"]

[Event "Titled Tuesday Blitz October 31 Early 2023"]
[White "chessculator16"]
[Black "Diaz Perez, Michel Alejandro"]
[BlackFideId "3517179"]
[WhiteElo "2314"]
[BlackElo "2657"]
[Result "1-0"]
[Round "1"]
[TimeControl "180+1"]
[Date "2023.10.31"]
[WhiteClock "0:01:39"]
[BlackClock "0:00:32"]
[Board "126"]

1. d4 Nf6 2. c4 d6 3. Nf3 Nbd7 4. Nc3 g6 5. e4 Bg7 6. Be2 e5 7. Be3 O-O 8. O-O Re8 9. Qc2 exd4 10. Nxd4 Nc5 11. f3 c6 12. b4 Ne6 13. Rad1 Qc7 14. Rfe1 Nxd4 15. Bxd4 Be6 16. c5 d5 17. exd5 Nxd5 18. Bxg7 Kxg7 19. Nxd5 Bxd5 20. Bc4 Rxe1+ 21. Rxe1 Rd8 22. Bxd5 Rxd5 23. Qc3+ f6 24. Re6 Qf7 25. Qe3 Rd7 26. a3 a6 27. g4 Kf8 28. Qh6+ Kg8 29. Qe3 g5 30. Kg2 Kf8 31. Kg3 Re7 32. Rxe7 Qxe7 33. Qd3 Kg7 34. Kg2 Qe6 35. h3 Qe7 36. Kg3 Qc7+ 37. Kg2 Qf7 38. a4 Qa2+ 39. Kg3 Qe6 40. a5 Qf7 41. Kg2 Kh6 42. Qf5 Qe7 43. Kf2 Kg7 44. f4 h6 45. fxg5 hxg5 46. Qd3 Qe6 47. Kg3 Qe5+ 48. Kg2 Qd5+ 49. Qxd5 cxd5 50. b5 axb5 51. c6 bxc6 52. a6 1-0


[Site "https://www.chess.com"]

[Event "Titled Tuesday Blitz October 31 Early 2023"]
[White "Principe, Alexander"]
[Black "Matthes, Aaron"]
[WhiteFideId "3804542"]
[BlackFideId "16227310"]
[WhiteElo "2654"]
[BlackElo "2308"]
[Result "1/2-1/2"]
[Round "1"]
[TimeControl "180+1"]
[Date "2023.10.31"]
[WhiteClock "0:00:13"]
[BlackClock "0:00:15"]
[Board "127"]

1. e4 c6 2. d4 d5 3. Nc3 dxe4 4. Nxe4 Bf5 5. Nc5 Nd7 6. Nxb7 Qb6 7. Nc5 Nxc5 8. dxc5 Qxc5 9. c3 Rd8 10. Qa4 e6 11. Be3 Qd6 12. Nf3 Nf6 13. Be2 Be7 14. O-O O-O 15. Qxa7 Rb8 16. b3 Nd5 17. Rfd1 Qa3 18. Qxa3 Bxa3 19. Bc1 Be7 20. Bb2 Bf6 21. Nd4 Bg6 22. Bf3 c5 23. Ne2 Rfd8 24. Rd2 Bg5 25. Rdd1 Bc2 26. Rf1 Bd3 27. g3 Bf6 28. Rac1 c4 29. Rfd1 Bxe2 30. Bxe2 cxb3 31. a3 Ra8 32. Bf3 Rdc8 33. Bxd5 exd5 34. Rxd5 Ra6 35. Kg2 g6 36. h4 Rac6 37. Rb5 Bxc3 38. Rxb3 Bxb2 39. Rxc6 Rxc6 40. Rxb2 Ra6 41. Rb3 Ra4 42. f3 Kg7 43. g4 h5 44. Kg3 hxg4 45. fxg4 Kf6 46. Rf3+ Ke6 47. h5 gxh5 48. gxh5 Ra5 49. Kg4 Ra4+ 50. Kg5 Ra5+ 51. Kh6 Ra4 52. Kg7 Rg4+ 53. Kh7 Rg2 54. h6 f5 55. Kh8 Ke5 56. h7 Ke4 57. Rb3 f4 58. Rb4+ Ke3 59. Rb3+ Ke4 60. Rb4+ Ke3 61. Rb8 f3 62. Rg8 Rh2 63. Kg7 f2 64. Rf8 Rg2+ 65. Kh6 Rh2+ 66. Kg6 Ke2 67. Re8+ Kd2 68. Rd8+ Ke2 69. Re8+ Kd2 70. Rf8 Ke2 71. a4 Rg2+ 72. Kh6 Rh2+ 73. Kg7 Rg2+ 74. Kh6 Rh2+ 75. Kg6 Rg2+ 76. Kh6 1/2-1/2


[Site "https://www.chess.com"]

[Event "Titled Tuesday Blitz October 31 Early 2023"]
[White "Schut, Han"]
[Black "Goltsev, Dmitry"]
[WhiteFideId "1005561"]
[BlackFideId "24176710"]
[WhiteElo "2308"]
[BlackElo "2651"]
[Result "0-1"]
[Round "1"]
[TimeControl "180+1"]
[Date "2023.10.31"]
[WhiteClock "0:00:00"]
[BlackClock "0:00:27"]
[Board "128"]

1. e4 e6 2. d4 d5 3. e5 c5 4. c3 Nc6 5. Nf3 cxd4 6. cxd4 Nge7 7. Bd3 Nf5 8. Bxf5 exf5 9. Nc3 Be7 10. h4 h6 11. h5 Be6 12. Be3 a6 13. Ne2 Rc8 14. a3 b5 15. Nf4 Na5 16. Rh3 Nc4 17. Rb1 b4 18. axb4 Bxb4+ 19. Kf1 Rb8 20. Rg3 Kf8 21. Rg6 Qd7 22. Rxe6 fxe6 23. Ng6+ Kf7 24. Nxh8+ Rxh8 25. Nh4 Rb8 26. g4 Be7 27. Ng6 Rxb2 28. Rxb2 Nxb2 29. Qf3 Qb5+ 30. Kg1 Qd3 31. gxf5 Qxf5 32. Qxf5+ exf5 33. Nf4 a5 34. Nxd5 a4 35. Nc3 a3 36. d5 Nc4 37. d6 Bd8 38. Bc5 f4 39. Bd4 Ke6 40. Ne4 Kd5 41. Nc5 Kxd4 42. Ne6+ Kd5 43. Nxd8 a2 0-1


[Site "https://www.chess.com"]

[Event "Titled Tuesday Blitz October 31 Early 2023"]
[White "Arslanov, Shamil"]
[Black "Harriott, Tyrell"]
[WhiteFideId "4192826"]
[BlackFideId "2086484"]
[WhiteElo "2647"]
[BlackElo "2308"]
[Result "0-1"]
[Round "1"]
[TimeControl "180+1"]
[Date "2023.10.31"]
[WhiteClock "0:00:14"]
[BlackClock "0:00:41"]
[Board "129"]

1. d4 e6 2. e4 d5 3. Be3 f5 4. Nc3 dxe4 5. f3 exf3 6. Nxf3 Nf6 7. Bc4 Bd6 8. Qe2 O-O 9. O-O-O Kh8 10. Ng5 Qe8 11. Bd2 Nc6 12. Nb5 a6 13. Nxd6 cxd6 14. Nxe6 Bxe6 15. Qxe6 Nxd4 16. Qxe8 Raxe8 17. Bf4 Ne2+ 18. Bxe2 Rxe2 19. Bxd6 Rc8 20. c3 Ne4 21. Rhf1 g6 22. Be5+ Kg8 23. Rd7 Ng5 24. Rg7+ Kf8 25. Bd4 Re4 26. Rxh7 Nxh7 27. Bg1 Nf6 28. h3 Nd5 29. g4 Ne7 30. Bf2 Rf4 31. Kd2 fxg4 32. Ke2 g3 33. Bxg3 Rxf1 34. Kxf1 Kf7 35. Ke2 Nf5 36. Bf4 Ke6 37. Kf3 Rd8 38. Kg4 Kf7 39. Kf3 Rd3+ 40. Ke4 Rxh3 41. c4 Ke6 42. b4 Ra3 43. b5 axb5 44. cxb5 Rxa2 45. Kf3 Rb2 46. Kg4 Rxb5 47. Kf3 Rb4 48. Kg4 Rc4 49. Kg5 b5 50. Kg4 b4 51. Kg5 b3 52. Kxg6 Rxf4 53. Kg5 Rf2 54. Kh5 Ne7 55. Kg5 b2 56. Kh4 b1=Q 57. Kg3 Qg1+ 58. Kh3 Rh2# 0-1


[Site "https://www.chess.com"]

[Event "Titled Tuesday Blitz October 31 Early 2023"]
[White "Shapiro, Daniel"]
[Black "Sharapov, Evgeny"]
[WhiteFideId "2001780"]
[BlackFideId "14103133"]
[WhiteElo "2308"]
[BlackElo "2644"]
[Result "0-1"]
[Round "1"]
[TimeControl "180+1"]
[Date "2023.10.31"]
[WhiteClock "0:00:06"]
[BlackClock "0:01:59"]
[Board "130"]

1. d4 Nf6 2. c4 e6 3. g3 Bb4+ 4. Bd2 Qe7 5. Bg2 O-O 6. Nf3 d5 7. Qc2 Nbd7 8. O-O Bxd2 9. Nbxd2 c6 10. Rfe1 e5 11. e4 dxe4 12. Nxe5 Nxe5 13. dxe5 Qxe5 14. Nxe4 Bf5 15. Qc3 Qxc3 16. Nxc3 Rfe8 17. b3 Kf8 18. Rad1 Rad8 19. Rxe8+ Kxe8 20. Rxd8+ Kxd8 21. f3 h5 22. Kf2 Kd7 23. Ke3 Kd6 24. h3 Bd7 25. g4 h4 26. f4 b6 27. Ne4+ Nxe4 28. Bxe4 f6 29. Kd4 c5+ 30. Kd3 g5 31. Ke3 Be6 32. Bb7 Bf7 33. Be4 a6 34. Bb7 a5 35. Be4 a4 36. Bb7 a3 37. Be4 Be8 38. f5 b5 39. Bd5 Ke5 40. Bg8 bxc4 41. Bxc4 Bc6 42. Bf1 Be4 43. Bd3 Bg2 44. Kf2 Bd5 45. Ke3 Bxb3 46. Bb1 Bd5 47. Kd3 Be4+ 0-1


[Site "https://www.chess.com"]

[Event "Titled Tuesday Blitz October 31 Early 2023"]
[White "Volkov, Maksim"]
[Black "Evdokimov, Alexey"]
[WhiteFideId "54123070"]
[BlackFideId "24162450"]
[WhiteElo "2643"]
[BlackElo "2306"]
[Result "1-0"]
[Round "1"]
[TimeControl "180+1"]
[Date "2023.10.31"]
[WhiteClock "0:00:47"]
[BlackClock "0:00:53"]
[Board "131"]

1. e4 e6 2. d4 d5 3. Nc3 Nf6 4. Bg5 Bb4 5. e5 h6 6. Bd2 Bxc3 7. bxc3 Ne4 8. Bc1 Nxc3 9. Qd3 Na4 10. Qg3 g6 11. h4 Nd7 12. h5 g5 13. Bb5 Nb6 14. Ne2 a6 15. Bd3 c5 16. c3 c4 17. Bc2 Nf8 18. O-O Bd7 19. f4 gxf4 20. Qxf4 Qe7 21. Rb1 Bb5 22. Ba3 Qxa3 23. Qxf7+ Kd8 24. Qf6+ Qe7 25. Qxh8 Kc7 26. Qxh6 Nfd7 27. Nf4 Rg8 28. Qxe6 Qg5 29. Bg6 Rf8 30. Qd6+ Kc8 31. Ne6 Rxf1+ 32. Rxf1 Qe3+ 33. Kh1 Na8 34. Rf8+ Nxf8 35. Qd8# 1-0


[Site "https://www.chess.com"]

[Event "Titled Tuesday Blitz October 31 Early 2023"]
[White "Luxama, Jacques Muller"]
[Black "kushbhagat2009"]
[WhiteFideId "11900113"]
[WhiteElo "2304"]
[BlackElo "2637"]
[Result "1-0"]
[Round "1"]
[TimeControl "180+1"]
[Date "2023.10.31"]
[WhiteClock "0:00:15"]
[BlackClock "0:00:09"]
[Board "132"]

1. e4 c5 2. Nf3 d6 3. Bb5+ Bd7 4. Bxd7+ Nxd7 5. O-O Ngf6 6. Re1 g6 7. c3 Bg7 8. d4 O-O 9. h3 e6 10. Bf4 d5 11. e5 Ne4 12. Nbd2 Nxd2 13. Qxd2 Rc8 14. Bg5 Qa5 15. Bh6 cxd4 16. Nxd4 Nb6 17. Bxg7 Kxg7 18. Qg5 Qc5 19. h4 h5 20. Qf6+ Kh7 21. Nf3 Nd7 22. Qg5 Rfe8 23. Rad1 Qe7 24. Qf4 Nc5 25. Ng5+ Kg8 26. Re3 b5 27. g4 hxg4 28. Qxg4 Kg7 29. Rf3 Rf8 30. h5 Ne4 31. Nxe4 dxe4 32. Rf6 Rc5 33. Qg5 Rxe5 34. h6+ Kh7 35. Qxe5 g5 36. Qxe4+ Kh8 37. Qe5 Kh7 38. Rd3 Rg8 39. Rg3 Rd8 40. Rxg5 Rd1+ 41. Kh2 Qd6 42. Rxf7+ Kxh6 43. Qxd6 Rxd6 44. Rxb5 Rd2 45. Kg2 e5 46. Rf6+ Kg7 47. Ra6 e4 48. Rxa7+ Kf6 49. Rb6+ Ke5 50. Ra5+ Kf4 51. Rb4 Re2 52. Raa4 Kf5 53. Rxe4 Rxe4 54. Rxe4 Kxe4 55. Kg3 Kd5 56. f4 Kc4 57. Kg4 Kd3 58. f5 Kc2 59. f6 Kxb2 60. f7 Kxa2 61. f8=Q Kb3 62. Qb4+ Kc2 63. c4 Kd3 64. c5 Kc2 65. c6 Kd1 66. c7 Ke2 67. c8=Q Kd1 68. Qd7+ Ke2 69. Qbd2+ Kf1 70. Qf5+ Kg1 71. Qff2+ Kh1 72. Qg2# 1-0


[Site "https://www.chess.com"]

[Event "Titled Tuesday Blitz October 31 Early 2023"]
[White "Seemann, Jakub"]
[Black "Antonio, Jorge Carlos"]
[WhiteFideId "21874697"]
[BlackFideId "113190"]
[WhiteElo "2636"]
[BlackElo "2303"]
[Result "0-1"]
[Round "1"]
[TimeControl "180+1"]
[Date "2023.10.31"]
[WhiteClock "0:00:00"]
[BlackClock "0:01:11"]
[Board "133"]

1. d4 d5 2. Bf4 c6 3. e3 Nf6 4. Nf3 Bg4 5. c4 Qb6 6. b3 e5 7. dxe5 Bb4+ 8. Ke2 Ne4 9. a3 Bc3 10. Ra2 Nd7 11. h3 Bh5 12. g4 Bg6 13. Bg2 dxc4 14. bxc4 Rd8 15. Nbd2 Bxd2 16. Kf1 Ndc5 17. Nxd2 Nc3 18. Qa1 Nxa2 19. Qxa2 Nd3 20. Kg1 O-O 21. Kh2 Nxf4 22. exf4 Qd4 23. Kg3 Qxd2 0-1


[Site "https://www.chess.com"]

[Event "Titled Tuesday Blitz October 31 Early 2023"]
[White "Smirnov, Timofey"]
[Black "Skliarov, Viktor"]
[WhiteFideId "24176427"]
[BlackFideId "14106736"]
[WhiteElo "2301"]
[BlackElo "2636"]
[Result "0-1"]
[Round "1"]
[TimeControl "180+1"]
[Date "2023.10.31"]
[WhiteClock "0:00:00"]
[BlackClock "0:01:25"]
[Board "134"]

1. d4 Nf6 2. Bf4 g6 3. e3 Bg7 4. Nf3 O-O 5. h3 d6 6. Be2 c5 7. c3 Qb6 8. Qb3 Be6 9. Qc2 Nc6 10. O-O Rac8 11. Qd2 Ne4 12. Qd1 Qxb2 13. d5 Qxa1 14. dxe6 fxe6 15. Qc2 Nxc3 16. Nxc3 Qxc3 17. Qa4 e5 18. Bg5 h6 19. Bh4 g5 20. Bg3 d5 21. Bb5 e4 22. Nh2 a6 23. Bxc6 Rxc6 24. Ng4 h5 25. f4 hxg4 26. hxg4 Qxe3+ 27. Bf2 Qxf4 28. Qd1 e3 29. Bh4 Qxf1+ 30. Qxf1 Rxf1+ 31. Kxf1 gxh4 0-1


[Site "https://www.chess.com"]

[Event "Titled Tuesday Blitz October 31 Early 2023"]
[White "Matinian, Nikita"]
[Black "Mihajlovskij, Sergei"]
[WhiteFideId "24129100"]
[BlackFideId "13500805"]
[WhiteElo "2634"]
[BlackElo "2298"]
[Result "1-0"]
[Round "1"]
[TimeControl "180+1"]
[Date "2023.10.31"]
[WhiteClock "0:00:42"]
[BlackClock "0:00:21"]
[Board "135"]

1. e4 d5 2. exd5 Qxd5 3. Nc3 Qe5+ 4. Be2 Bg4 5. d4 Bxe2 6. Ngxe2 Qa5 7. O-O Nf6 8. b4 Qh5 9. d5 Nbd7 10. Bf4 O-O-O 11. Qd4 Nb6 12. Bxc7 Kxc7 13. Nb5+ Kb8 14. Qf4+ Rd6 15. Nec3 Nfxd5 16. Nxd5 Nxd5 17. Qg3 Qg6 18. Nxd6 Qxg3 19. fxg3 exd6 20. Rxf7 Nf6 21. c4 d5 22. c5 Kc8 23. Rc1 Ne4 24. Rcf1 Nf6 25. g4 h6 26. h4 b6 27. g5 bxc5 28. gxf6 g5 29. Rf5 d4 30. bxc5 d3 1-0


[Site "https://www.chess.com"]

[Event "Titled Tuesday Blitz October 31 Early 2023"]
[White "Soumya, Swaminathan"]
[Black "Pinheiro, Iung Alicio de O."]
[WhiteFideId "5016193"]
[BlackFideId "2104350"]
[WhiteElo "2298"]
[BlackElo "2631"]
[Result "1-0"]
[Round "1"]
[TimeControl "180+1"]
[Date "2023.10.31"]
[WhiteClock "0:00:06"]
[BlackClock "0:00:00"]
[Board "136"]

1. e4 c5 2. Nf3 Nc6 3. d4 cxd4 4. Nxd4 e5 5. Nb5 d6 6. c4 Be7 7. Be3 f5 8. exf5 Bxf5 9. N1c3 a6 10. Na3 Nf6 11. Bd3 Be6 12. O-O O-O 13. Nc2 Ng4 14. Bd2 Bg5 15. Bxg5 Qxg5 16. Ne4 Qf4 17. g3 Qh6 18. h4 Rad8 19. Ng5 d5 20. cxd5 Rxd5 21. Nxe6 Qxe6 22. Bc4 Rfd8 23. Qe2 b5 24. Bxd5 Rxd5 25. Rad1 Nf6 26. Rxd5 Qxd5 27. b3 h5 28. Rd1 Qc5 29. a3 Qc3 30. Qd3 Qc5 31. b4 Qb6 32. Qd6 Ng4 33. Rd2 Qb7 34. Qd5+ Kh7 35. Ne3 1-0


[Site "https://www.chess.com"]

[Event "Titled Tuesday Blitz October 31 Early 2023"]
[White "Wizard_97"]
[Black "Goh, Zi Han"]
[BlackFideId "5819156"]
[WhiteElo "2630"]
[BlackElo "2292"]
[Result "1-0"]
[Round "1"]
[TimeControl "180+1"]
[Date "2023.10.31"]
[WhiteClock "0:01:37"]
[BlackClock "0:00:04"]
[Board "137"]

1. e4 c5 2. Nf3 d6 3. d4 cxd4 4. Nxd4 Nf6 5. Nc3 a6 6. Be3 e5 7. Nb3 Be6 8. f3 Nbd7 9. Qd2 h5 10. Nd5 Bxd5 11. exd5 g6 12. O-O-O Bg7 13. h3 h4 14. Bg5 Qc7 15. Kb1 a5 16. a4 Rc8 17. Bb5 Kf8 18. Nxa5 Nh5 19. Nc4 Ng3 20. Rhe1 Nb6 21. Nxb6 Qxb6 22. Be3 Qc7 23. Rc1 Kg8 24. Qb4 f5 25. a5 Kf7 26. Bb6 Qe7 27. c4 e4 28. c5 dxc5 29. Bxc5 Qe5 30. d6 Rhd8 31. d7 Rc7 32. Bc4+ Kf6 33. Bd6 1-0


[Site "https://www.chess.com"]